 Dungeon Crawl Stone Soup version 0.19-a0-1587-gaef70b6 (webtiles) character file.

14987 TheGoonsmith the Fencer (level 11, -3/105 HPs)
             Began as a Minotaur Gladiator on Sept 16, 2016.
             Was an Elder of Okawaru.
             Slain by an orc warrior
             ... wielding a +0 flail
             ... led by an orc warlord
              (25 damage)
             ... on level 2 of the Orcish Mines.
             The game lasted 00:29:04 (11342 turns).

TheGoonsmith the Fencer (Minotaur Gladiator)       Turns: 11342, Time: 00:29:06

Health: -3/105     AC: 15    Str: 20    XL:     11   Next: 95%
Magic:  10/10      EV:  9    Int:  5    God:    Okawaru [****..]
Gold:   841        SH:  0    Dex: 14    Spells: 3 memorised, 3 levels left

rFire  . . .     SeeInvis .     K - +5 double sword (vamp)
rCold  + + .     Gourm    .     w - +1 chain mail {rC+}
rNeg   + . .     Faith    .     (no shield)
rPois  .         Spirit   .     c - +1 hat
rElec  .         Dismiss  .     v - +0 cloak
rCorr  .         Reflect  .     O - +0 pair of gloves
MR     .....     Harm     .     (no boots)
Stlth  ..........               (no amulet)
                                P - ring of positive energy
                                A - ring of protection from cold

@: no status effects
A: retaliatory headbutt, horns 2
a: Heroism, Renounce Religion


You were on level 2 of the Orcish Mines.
You worshipped Okawaru.
Okawaru was greatly pleased with you.
You were not hungry.

You visited 3 branches of the dungeon, and saw 13 of its levels.
You also visited: Bailey.

You collected 904 gold pieces.
You spent 63 gold pieces at shops.

Inventory:

Hand Weapons
 a - a +1 long sword
 e - a +3 great sword
 y - a +1 vampiric battleaxe
 K - a +5 vampiric double sword (weapon)
Missiles
 d - 2 throwing nets
 f - 3 steel tomahawks
 q - 28 poisoned needles
 M - 13 tomahawks (quivered)
 W - 6 steel javelins
Armour
 c - a +1 hat (worn)
 k - a +0 plate armour
 t - a +1 ring mail of cold resistance
 v - a +0 cloak (worn)
 w - a +1 chain mail of cold resistance (worn)
 I - the +2 leather armour of Naamm {MR- Int+7 SInv}
   (You found it in a bailey)

   It affects your intelligence (+7).
   It affects your resistance to hostile enchantments.
   It lets you see invisible.
 O - a +0 pair of gloves (worn)
Jewellery
 j - an uncursed ring of fire
 A - a ring of protection from cold (left hand)
 P - a ring of positive energy (right hand)
 V - an uncursed amulet of dismissal
Wands
 z - a wand of flame (20/48)
 R - a wand of enslavement (9/24)
 S - a wand of enslavement (12/24)
 U - a wand of confusion (36/48)
Scrolls
 i - a scroll of recharging
 o - a scroll of teleportation
 r - a scroll of identify
 H - 3 scrolls of remove curse
 Q - a scroll of immolation
 T - a scroll of fog
Potions
 b - 3 potions of lignification
 g - a potion of curing
 l - a potion of heal wounds
 m - a potion of haste {unknown}
 n - 2 potions of flight
 x - 2 potions of brilliance
 B - a potion of might {unknown}
 C - 2 potions of resistance
 D - a potion of ambrosia
 E - 2 potions of cure mutation
 J - 2 potions of invisibility
Books
 u - a book of Battle

   Spells                             Type                      Level
   a - Infusion                       Charms                       1
   b - Shroud of Golubria             Charms/Translocation         2
   c - Song of Slaying                Charms                       2
   d - Spectral Weapon                Hexes/Charms                 3
   e - Regeneration                   Charms/Necromancy            3
 G - the Tome of the Frostbite and Transmutation
   (You found it in a bailey)

   Spells                             Type                      Level
   a - Freeze                         Ice                          1
   b - Throw Frost                    Conjuration/Ice              2
   c - Passwall                       Transmutation/Earth          2
   d - Ozocubu's Refrigeration        Ice                          6
   e - Hydra Form                     Transmutation                6
 L - a book of Beasts

   Spells                             Type                      Level
   a - Summon Butterflies             Summoning                    1
   b - Call Canine Familiar           Summoning                    3
   c - Summon Ice Beast               Ice/Summoning                4
   d - Summon Mana Viper              Hexes/Summoning              5
   e - Summon Hydra                   Summoning                    7
 N - a Young Poisoner's Handbook

   Spells                             Type                      Level
   a - Sting                          Conjuration/Poison           1
   b - Mephitic Cloud                 Conjuration/Poison/Air       3
   c - Olgreb's Toxic Radiance        Poison                       4
   d - Alistair's Intoxication        Transmutation/Poison         5
   e - Venom Bolt                     Conjuration/Poison           5
Comestibles
 h - a beef jerky
 p - 4 meat rations
 s - 10 bread rations
 F - 3 slices of pizza
 X - 5 chunks of flesh


   Skills:
 - Level 12.3 Fighting
 - Level 16.0 Long Blades
 + Level 5.8 Throwing
 + Level 8.4 Armour
 - Level 3.2 Dodging


You had 3 spell levels left.
You knew the following spells:

 Your Spells              Type           Power        Failure   Level  Hunger
a - Summon Butterflies    Summ           #.......     100%        1    ##.....
b - Spectral Weapon       Hex/Chrm       #.......     100%        3    ####...
c - Regeneration          Chrm/Necr      #.........   100%        3    ####...


Dungeon Overview and Level Annotations

Branches:
Dungeon (10/15)            Temple (1/1) D:7            Lair (0/6) D:9
    Orc (2/2) D:10
    Elf: Orc:2

Altars:
Ashenzari
Cheibriados
Dithmenos
Elyvilon
Fedhas
Gozag
Hepliaklqana
Kikubaaqudgha
Makhleb
Nemelex Xobeh
Okawaru
Qazlal
Ru
Sif Muna
Trog
Uskayaw
Vehumet
Xom
Yredelemnul
Zin
The Shining One

Shops:
D:8 [   Orc:1 ?


Innate Abilities, Weirdness & Mutations

You reflexively headbutt those who attack you in melee.
You have a pair of horns on your head.


Message History

The orc warrior barely misses you.
The orc warrior hits you with a dire flail!!
* * * LOW HITPOINT WARNING * * *
The orc warrior shouts!
In your confused state, you trip and fall down the stairs.
* * * LOW HITPOINT WARNING * * *
You climb downwards.
There is a stone staircase leading up here.
You feel better.
The orc wizard hits you but does no damage.
You are electrocuted!
* * * LOW HITPOINT WARNING * * *
The orc warrior completely misses you.
You riposte.
You slice the orc warrior!! Your headbutt misses the orc warrior.
The orc warrior is almost dead.
You barely miss the orc warrior.
The orc warrior is almost dead.
The orc wizard hits you but does no damage.
The orc warrior hits you with a flail!!
You die...

## ### ##.. ##.##
#...### ##...###
.......## ##......#
......o.## ##.......#
.......@.## ###........#
.......o[[###...........
.......)[.##............
........†..#<......#....
...................##...
..###..............#....
. #.............###...
##..........### ##..
##.........#####...


You could see an orc warrior and an orc wizard.

Vanquished Creatures
  A centaur warrior (D:9)
  The ghost of edsrzf the Cleaver, a novice HuBe of Trog (D:8)
  2 unseen horrors (D:10)
  3 orc knights (Bailey)
  Pikel (D:6)
  An ugly thing (D:6)
  An orc sorcerer (Bailey)
  A gargoyle (D:10)
  A kobold demonologist (Bailey)
  The ghost of tardigrade the Insei, a novice DsTm (D:5)
  2 trolls
  Grinder (D:3)
  A spriggan (D:8)
  Sigmund (D:3)
  A wraith (D:10)
  5 yaks (D:9)
  A vampire (D:9)
  Grum (D:9)
  A hungry ghost (D:10)
  A mottled dragon (D:9)
  A warg (Orc:1)
  Duvessa (D:4)
  A slave (D:6)
  2 ice beasts (D:9)
  19 orc warriors
  A sky beast (D:8)
  2 wolves (D:9)
  3 ogres
  A phantom (D:4)
  3 centaurs
  A crocodile (D:9)
  A big kobold (D:10)
  Blork the orc (D:6)
  5 bullfrogs
  A gnoll sergeant (Orc:2)
  Dowan (D:4)
  3 scorpions
  9 killer bees (D:10)
  7 wights
  6 electric eels
  3 vampire bats (D:5)
  A centaur zombie (D:8)
  4 howler monkeys
  6 crimson imps
  6 hounds
  3 bullfrog skeletons
  13 orc priests
  A jelly (D:10)
  Crazy Yiuf (D:2)
  Ijyb (D:2)
  8 orc wizards
  Natasha (thrice) (D:2)
  3 worker ants
  A killer bee zombie (D:6)
  A hound zombie (D:8)
  A howler monkey zombie (D:10)
  A worker ant zombie (D:7)
  16 gnolls
  13 adders
  2 shadow imps
  An adder skeleton (D:8)
  2 worms
  4 dart slugs
  7 leopard geckos
  58 orcs
  4 bat skeletons (D:5)
  A bat zombie (D:5)
  4 giant cockroaches
  13 goblins
  18 hobgoblins
  10 jackals
  4 quokkas
  2 ball pythons
  9 bats
  4 frilled lizards
  9 kobolds
  A leopard gecko zombie (D:8)
  8 rats
344 creatures vanquished.

Vanquished Creatures (others)
  Prince Ribbit (D:6)
  A slave (D:6)
  A goblin (Bailey)
3 creatures vanquished.

Grand Total: 347 creatures vanquished

Notes
Turn   | Place    | Note
-------+----------+-------------------------------------------
     0 | D:1      | TheGoonsmith the Minotaur Gladiator began the quest for the Orb.
     0 | D:1      | Reached XP level 1. HP: 18/18 MP: 0/0
    60 | D:1      | Reached skill level 4 in Long Blades
   105 | D:1      | Reached XP level 2. HP: 21/25 MP: 1/1
   514 | D:1      | Reached XP level 3. HP: 31/31 MP: 2/2
   928 | D:2      | Reached skill level 5 in Long Blades
  1185 | D:2      | Noticed Ijyb
  1197 | D:2      | Killed Ijyb
  1197 | D:2      | Reached XP level 4. HP: 36/38 MP: 3/3
  1389 | D:2      | Reached skill level 6 in Long Blades
  1393 | D:2      | Noticed Natasha
  1400 | D:2      | Killed Natasha
  1400 | D:2      | Reached XP level 5. HP: 32/46 MP: 4/4
  1628 | D:2      | Noticed Natasha
  1634 | D:2      | Killed Natasha
  1659 | D:2      | Found a runed door.
  1888 | D:2      | Noticed Natasha
  1896 | D:2      | Killed Natasha
  1938 | D:2      | Noticed Crazy Yiuf
  1940 | D:2      | Killed Crazy Yiuf
  2014 | D:3      | Noticed Sigmund
  2019 | D:3      | Killed Sigmund
  2019 | D:3      | Reached skill level 5 in Fighting
  2019 | D:3      | Reached skill level 7 in Long Blades
  2019 | D:3      | Reached XP level 6. HP: 40/56 MP: 5/5
  2073 | D:3      | Noticed Grinder
  2096 | D:3      | Killed Grinder
  2096 | D:3      | Reached skill level 8 in Long Blades
  2096 | D:3      | Reached XP level 7. HP: 16/61 MP: 6/6
  2895 | D:4      | Reached skill level 9 in Long Blades
  2932 | D:4      | Found a stormy altar of Qazlal.
  3287 | D:4      | Noticed Dowan
  3288 | D:4      | Noticed Duvessa
  3300 | D:4      | Killed Duvessa
  3308 | D:4      | Killed Dowan
  3308 | D:4      | Reached XP level 8. HP: 26/71 MP: 7/7
  3540 | D:4      | Reached skill level 10 in Long Blades
  3817 | D:5      | Entered Level 5 of the Dungeon
  3874 | D:5      | Noticed tardigrade's ghost (novice DsTm)
  3891 | D:5      | Killed tardigrade's ghost
  3927 | D:5      | Found a burning altar of Makhleb.
  3927 | D:5      | Found a sparkling altar of Nemelex Xobeh.
  4125 | D:5      | Found an ancient bone altar of Kikubaaqudgha.
  4135 | D:5      | Reached skill level 11 in Long Blades
  4810 | D:6      | Noticed a green ugly thing
  5043 | D:6      | Noticed Pikel
  5058 | D:6      | Killed Pikel
  5058 | D:6      | Reached skill level 12 in Long Blades
  5058 | D:6      | Reached XP level 9. HP: 74/82 MP: 8/8
  5063 | D:6      | Noticed Prince Ribbit
  5081 | D:6      | Killed Prince Ribbit
  5305 | D:6      | Found a sacrificial altar of Ru.
  5323 | D:6      | Noticed Blork the orc
  5329 | D:6      | Killed Blork the orc
  5341 | D:6      | Killed a green ugly thing
  5341 | D:6      | Reached skill level 10 in Fighting
  5872 | D:7      | Found a flagged portal.
  5985 | Bailey   | Entered a bailey
  6208 | Bailey   | Found an iron altar of Okawaru.
  6208 | Bailey   | Noticed a kobold demonologist
  6208 | Bailey   | Noticed an orc sorcerer
  6227 | Bailey   | Killed a kobold demonologist
  6227 | Bailey   | Reached skill level 13 in Long Blades
  6227 | Bailey   | Reached XP level 10. HP: 78/96 MP: 9/9
  6230 | Bailey   | Killed an orc sorcerer
  6696 | Bailey   | Noticed an orc knight
  6714 | Bailey   | Killed an orc knight
  6714 | Bailey   | Reached skill level 14 in Long Blades
  7090 | Bailey   | Identified the Tome of the Frostbite and Transmutation
  7118 | Bailey   | Got an emerald-encrusted leather armour
  7199 | Bailey   | Noticed an orc knight
  7204 | Bailey   | Killed an orc knight
  7235 | Bailey   | Noticed an orc knight
  7245 | Bailey   | Killed an orc knight
  7397 | D:7      | Found a staircase to the Ecumenical Temple.
  7404 | Temple   | Entered the Ecumenical Temple
  7452 | Temple   | Became a worshipper of Warmaster Okawaru
  7796 | D:8      | Noticed edsrzf's ghost (novice HuBe)
  7812 | D:8      | Killed edsrzf's ghost
  7812 | D:8      | Reached skill level 15 in Long Blades
  8167 | D:8      | Identified the +2 leather armour of Naamm {MR- Int+7 SInv} (You found it in a bailey)
  8258 | D:8      | Found Moiraige's Armour Boutique.
  8264 | D:8      | Bought a +0 pair of gloves for 63 gold pieces
  8387 | D:8      | Reached * piety under Okawaru
  8387 | D:8      | Reached XP level 11. HP: 91/105 MP: 10/10
  8710 | D:9      | Noticed Grum
  8718 | D:9      | Killed Grum
  8824 | D:9      | Reached skill level 16 in Long Blades
  8971 | D:9      | Reached skill level 1 in Armour
  9024 | D:9      | Noticed a centaur warrior
  9030 | D:9      | Killed a centaur warrior
  9033 | D:9      | Reached ** piety under Okawaru
  9110 | D:9      | Found a snail-covered altar of Cheibriados.
  9130 | D:9      | Found a staircase to the Lair.
  9241 | D:9      | Found an opulent altar of Gozag.
  9245 | D:9      | Reached skill level 5 in Armour
  9501 | D:10     | Entered Level 10 of the Dungeon
  9507 | D:10     | Learned a level 1 spell: Summon Butterflies
  9511 | D:10     | Learned a level 3 spell: Spectral Weapon
  9515 | D:10     | Learned a level 3 spell: Regeneration
  9655 | D:10     | Killed an unseen horror
  9711 | D:10     | Found a staircase to the Orcish Mines.
  9770 | D:10     | Reached *** piety under Okawaru
 10147 | D:10     | Killed an unseen horror
 10329 | D:10     | Reached skill level 5 in Throwing
 10536 | Orc:1    | Entered Level 1 of the Orcish Mines
 10619 | Orc:2    | Entered Level 2 of the Orcish Mines
 10693 | Orc:2    | Received a gift from Okawaru
 10835 | Orc:2    | HP: 5/105 [orc warrior/tomahawk (1)]
 11330 | Orc:1    | Found Fysi's Magic Scroll Shoppe.
 11333 | Orc:1    | Reached **** piety under Okawaru
 11335 | Orc:1    | Noticed an orc warlord
 11335 | Orc:1    | Noticed an orc sorcerer
 11340 | Orc:1    | Noticed an orc warlord
 11340 | Orc:1    | Noticed an orc sorcerer
 11342 | Orc:2    | Slain by an orc warrior

Vault maps used:
D:1:      minmay_arrival_semitransparent, minivault_24
D:2:      uniq_iyjb, uniq_crazy_yiuf_cottage, uniq_natasha
D:3:      minivault_25, uniq_grinder, uniq_sigmund
D:4:      kennysheep_mini_moat, kennysheep_small_circle, uniq_duvessa
D:5:      kennysheep_vampire_church, gammafunk_temple_overflow_wave, first_bread
D:6:      kennysheep_mini, uniq_blork_the_orc, uniq_pikel, uniq_prince_ribbit1
D:7:      enter_bailey_8
D:8:      serial_shops, shop, the_bakery, columned_hall_lemuel
D:9:      minmay_cornered_nines, lemuel_round_altar, dpeg_lair_monsters,
          serial_column_ruins, column_ruins_hut, column_ruins_hut,
          column_ruins_grid_1, column_ruins_columns_straight,
          column_ruins_columns_dead_end, column_ruins_columns_straight,
          basic_altar, serial_bayou_pond_e, uniq_grum
Temple:   eino_wide_crystal_templ
Orc:1:    serial_shops, nicolae_shop_waterfront, mines2_lemuel
Orc:2:    st_orc_pillars
Bailey:   bailey_axe_of_yendor_kennysheep, bailey

Skill      XL: |  1  2  3  4  5  6  7  8  9 10 11 |
---------------+----------------------------------+-----
Long Blades    | 4 5 6 7 8 9 12 13 15 16 | 16.0
Fighting       | 3 4 5 6 8 11 12 | 12.3
Armour         | 8 |  8.4
Throwing       | 5 |  5.8
Dodging        | |  3.2

Action                   |  1- 3 |  4- 6 |  7- 9 | 10-12 || total
-------------------------+-------+-------+-------+-------++-------
Melee: Long sword        |    88 |   108 |   254 |       ||   450
       Headbutt          |     8 |    19 |    63 |    94 ||   184
       Great sword       |       |       |   116 |   111 ||   227
       Double sword      |       |       |       |   358 ||   358
Throw: Throwing net      |       |       |     1 |       ||     1
       Tomahawk          |       |       |       |     1 ||     1
  Use: Potion            |     1 |     5 |       |     5 ||    11
       Scroll            |       |       |    10 |    11 ||    21
  Eat: Chunk             |     1 |     1 |    11 |    17 ||    30
       Bread ration      |       |     1 |       |       ||     1
       Meat ration       |       |       |       |     1 ||     1
Armor: Leather armour    |     2 |       |       |       ||     2
       Plate armour      |    53 |     1 |       |     3 ||    57
       Ring mail         |       |    14 |    13 |       ||    27
       Chain mail        |       |       |   137 |   170 ||   307
Dodge: Dodged            |    27 |    59 |   116 |   136 ||   338
